Map: Year Zero LE

Players

MADMDK

  • Race: Protoss Protoss
  • League: Silver
  • Spawn Location: 11:00

Enterprise - Winner!

  • Race: Zerg Zerg
  • League: Master
  • Spawn Location: 1:00

VOD

Have the link to the VOD?

Description

Time

  • Played on: March 16, 2019, 2:19 p.m.
  • Length: 11:40
Show
View Real Time Build Order
Export as new Build Order

MADMDK Protoss 

Build Orders: Archon Immortal 

Get SALT Encoding   

  12  0:01  Probe  
  13  0:19  Probe  
  13  0:20  Pylon  
  14  0:32  Probe  
  15  0:43  Gateway  
  15  0:44  Probe  
  15  0:49  Assimilator  
  16  1:00  Probe  
  16  1:04  Gateway  
  17  1:09  Probe  
  17  1:18  Probe  
  19  1:26  Probe  
  20  1:33  Cybernetics Core  
  20  1:35  Zealot  
  22  1:43  Assimilator  
  22  1:59  Pylon  
  22  2:17  Zealot  
  22  2:19  Sentry  
  26  2:25  Probe, Shield Battery  
  27  2:33  Probe  
  27  2:43  Probe  
  29  2:52  Sentry  
  31  3:01  Pylon  
  31  3:07  Nexus  
  31  3:19  Zealot, Probe  
  34  3:25  Robotics Facility  
  34  3:31  Probe  
  35  3:34  Pylon  
  35  3:36  Sentry  
  37  3:42  Assimilator  
  37  4:03  Twilight Council  
  37  4:22  Probe  
  38  4:34  Probe  
  39  4:43  Warp Gate  
  39  4:46  Probe  
  39  4:49  Immortal  
  44  4:56  Probe  
  45  5:04  Probe  
  45  5:13  Probe  
  47  5:24  Probe, Robotics Facility  
  48  5:29  Templar Archives  
  48  5:36  Probe  
  48  5:42  Zealot, Sentry  
  53  5:53  Immortal  
  57  6:01  Gateway  
  57  6:03  Gateway  
  57  6:04  Charge, Gateway  
  57  6:08  Assimilator  
  57  6:32  Stalker x2  
  61  6:40  Pylon  
  61  6:44  Pylon  
  61  6:47  Pylon  
  61  6:55  Probe  
  61  6:58  Immortal x2  
  61  7:00  Probe  
  70  7:03  Probe  
  70  7:08  Stalker, Probe  
  72  7:09  Stalker  
  72  7:13  High Templar, Probe  
  80  7:25  Probe  
  80  7:28  Immortal  
  81  7:33  Observer  
  81  7:34  Pylon  
  81  7:37  Pylon  
  81  7:41  Pylon  
  86  7:49  Pylon  
  86  7:53  Forge  
  86  7:55  Pylon  
  86  7:57  Pylon  
  86  8:05  High Templar  
  86  8:06  High Templar x2  
  86  8:10  Archon  
  92  8:15  Observer x2  
  92  8:25  Protoss Ground Weapons Level 1  
  94  8:36  Zealot x2  
  94  8:38  Zealot  
  94  8:39  Zealot x2  
  103  9:28  Immortal  
  103  9:29  Zealot x2, Immortal  
  103  9:30  Zealot x3  
  109  9:48  Archon  
  109  9:51  Zealot x3  
  109  9:52  Zealot x2  
  119  10:01  Immortal  
  119  10:09  Immortal  
  113  10:33  Observer  
  113  10:41  Photon Cannon  
  114  10:45  Observer  
  114  10:46  Photon Cannon  
  115  10:56  Cybernetics Core  
  115  11:02  Zealot x2  
  115  11:03  Zealot x3  
  125  11:14  Pylon  
  125  11:16  Pylon  
  125  11:17  Pylon  
  123  11:19  Pylon  
  123  11:20  Pylon  
  123  11:21  Pylon  
Show
View Real Time Build Order
Export as new Build Order

Enterprise Zerg - Winner!

Build Orders: Hatch First, Lurkers 

Get SALT Encoding   

  12  0:01  Drone  
  13  0:13  Overlord  
  13  0:18  Drone  
  14  0:32  Drone x2  
  14  0:35  Drone  
  17  0:53  Hatchery  
  17  0:56  Drone  
  17  1:00  Drone  
  18  1:09  Extractor  
  17  1:17  Spawning Pool  
  16  1:20  Drone  
  16  1:23  Drone  
  18  1:40  Drone x2  
  20  2:02  Drone  
  20  2:07  Queen  
  23  2:11  Hatchery  
  22  2:20  Metabolic Boost  
  22  2:23  Drone x2  
  22  2:25  Drone  
  22  2:28  Drone  
  26  2:34  Overlord  
  26  2:41  Drone  
  27  2:50  Drone  
  28  2:55  Queen x2  
  32  3:03  Drone  
  32  3:05  Drone x2  
  35  3:09  Drone  
  36  3:24  Queen  
  36  3:26  Overlord  
  38  3:32  Lair  
  38  3:38  Extractor  
  38  3:39  Drone  
  38  3:40  Extractor, Drone x2  
  39  3:42  Drone x2  
  41  3:50  Spore Crawler  
  41  3:51  Drone  
  41  3:54  Zergling x6  
  41  3:55  Zergling x2  
  45  4:06  Roach Warren, Drone  
  45  4:07  Drone x3  
  48  4:23  Overlord  
  48  4:25  Extractor  
  48  4:26  Drone x3  
  48  4:27  Overlord  
  48  4:31  Spore Crawler  
  49  4:36  Overlord  
  49  4:41  Overseer  
  49  4:54  Hydralisk Den  
  49  4:55  Drone x6  
  54  5:03  Overlord  
  54  5:07  Roach  
  54  5:08  Roach x4  
  54  5:10  Drone  
  65  5:15  Glial Reconstitution  
  65  5:30  Grooved Spines  
  65  5:32  Drone x3  
  65  5:35  Drone x6  
  74  5:38  Overlord  
  74  5:58  Drone  
  74  5:59  Drone x2  
  74  6:02  Evolution Chamber x2  
  74  6:03  Hydralisk x3  
  79  6:05  Overlord  
  79  6:06  Overlord  
  81  6:24  Drone x10  
  91  6:26  Extractor  
  91  6:27  Extractor  
  89  6:37  Hatchery, Zerg Missile Weapons Level 1, Zerg Ground Armor Level 1  
  88  6:41  Muscular Augments  
  88  6:53  Drone x3  
  88  6:54  Drone x5  
  96  7:17  Pneumatized Carapace  
  96  7:21  Overlord x4  
  96  7:23  Hydralisk  
  98  7:30  Lurker Den  
  97  7:39  Hydralisk  
  97  7:40  Hydralisk x13  
  125  7:56  Overlord  
  125  7:57  Hydralisk x5  
  135  7:59  Overlord x3  
  135  8:11  Infestation Pit  
  134  8:22  Overseer  
  134  8:27  Extractor  
  134  8:28  Spore Crawler, Overlord  
  134  8:29  Drone  
  134  8:30  Extractor, Drone x5  
  134  8:31  Drone x3  
  134  8:32  Drone  
  134  8:33  Hydralisk  
  143  8:34  Hydralisk x5  
  153  8:55  Hive  
  153  8:57  Zerg Ground Armor Level 2  
  153  8:58  Zerg Missile Weapons Level 2  
  153  9:03  Queen  
  153  9:04  Drone x3  
  153  9:05  Overlord x2, Drone x3  
  153  9:06  Overlord  
  161  9:16  Lurker x9  
  166  9:26  Hydralisk x5  
  176  9:40  Overlord  
  176  9:57  Hydralisk x2  
  176  9:58  Hydralisk x10  
  200  10:01  Overlord  
  200  10:07  Spire  
  200  10:11  Overseer  
  191  10:42  Adaptive Talons  
  191  10:50  Hatchery  
  191  10:53  Lurker x3  
  191  10:54  Lurker  
  194  11:03  Hatchery, Overseer x2  
  193  11:07  Overseer  
Tags
 
Add a new tag
Caveats
  • Supply blocks, unpowered buildings, or Contaminate may cause inaccurate times.
  • Supply counts are checked every 10 seconds.